 Dungeon Crawl Stone Soup version 0.29.1-13-g9f3cf754e1 (webtiles) character file.

Game seed: 3333868216870244145

81 McKennaii the Covered (level 4, 0/38 HPs)
             Began as a Demigod Fighter on Feb 6, 2023.
             Slain by an orc
             ... wielding a +0 hand axe
              (3 damage)
             ... on level 3 of the Dungeon.
             The game lasted 00:02:10 (2667 turns).

McKennaii the Covered (Demigod Fighter)             Turns: 2667, Time: 00:02:15

Health: 0/38       AC:  6    Str: 21    XL:     4   Next: 0%
Magic:  6/6        EV:  9    Int: 16    God:
Gold:   130        SH:  4    Dex: 13    Spells: 3/3 levels left

rFire   + . .      SeeInvis .   a - +0 long sword
rCold   + . .      Faith    .   c - +0 buckler
rNeg    + . .      Spirit   .   b - +0 scale mail
rPois   +          Reflect  .   (no helmet)
rElec   +          Harm     .   (no cloak)
rCorr   +          Rampage  .   (no gloves)
Will    .....                   (no boots)
Stlth   ..........              (no amulet)
HPRegen 0.12/turn               j - +6 ring of intelligence
MPRegen 0.10/turn               q - ring of positive energy

@: resistant
A: high MP 1, forlorn, divine attributes
a: no special abilities


You were on level 3 of the Dungeon.
You visited 1 branch of the dungeon, and saw 3 of its levels.

You collected 130 gold pieces.

Inventory:

Hand Weapons
 a - a +0 long sword (weapon)
Armour
 b - a +0 scale mail (worn)
 c - a +0 buckler (worn)
Jewellery
 j - a +6 ring of intelligence (left hand)
 q - a ring of positive energy (right hand)
Wands
 n - a wand of polymorph (3)
Scrolls
 e - a scroll of enchant weapon {unknown}
 f - 3 scrolls of identify {unknown}
 i - a scroll of acquirement {unknown}
 l - 2 scrolls of teleportation {unknown}
 m - a scroll of poison {unknown}
 p - a scroll of fog {unknown}
 r - a scroll of vulnerability {unknown}
 s - a scroll of noise {unknown}
Potions
 d - a potion of might
 k - a potion of curing
 o - a potion of attraction {unknown}


   Skills:
 + Level 3.3 Fighting
 + Level 2.6 Long Blades
 + Level 3.3 Armour
 - Level 3.0 Shields


You had 3 spell levels left.
You didn't know any spells.
Your spell library contained the following spells:

 Spells                   Type           Power      Damage    Failure   Level
 Foxfire                  Conj/Fire      0%         2x1d4     65%         1
 Conjure Flame            Conj/Fire      0%         6-21      95%         3
 Inner Flame              Hex/Fire       0%         N/A       95%         3
 Flame Wave               Conj/Fire      0%         2d4       100%        4


Dungeon Overview and Level Annotations

Branches:
Dungeon (3/15)


Innate Abilities, Weirdness & Mutations

You have an increased reservoir of magic. (+10% MP)
You shall have no god before yourself.
Your divine heritage dramatically boosts your attributes as you level up.


Message History

The orc wizard hits you but does no damage.
The orc closely misses you. The orc wizard completely misses you.
You barely miss the orc wizard.
The orc wizard is severely wounded.
The orc wizard hits you but does no damage.
The orc barely misses you.
You barely miss the orc wizard.
The orc wizard is severely wounded.
The orc wizard hits you but does no damage.
You block the orc's attack.
You hit the orc wizard.
The orc wizard is severely wounded.
The orc wizard casts a spell at you. The magic dart hits you.
You block the orc's attack.
You closely miss the orc wizard.
The orc wizard is severely wounded.
You block the orc's attack.
The orc wizard hits you with a +0 dagger.
The orc hits you from afar with a +0 trident.
The orc wizard casts a spell at you. You resist with some effort.
You hit the orc wizard.
The orc wizard is almost dead.
The orc wizard hits you but does no damage.
The orc closely misses you.
Unknown command.
You closely miss the orc wizard.
The orc wizard is almost dead.
The orc wizard gestures wildly while chanting.
The orc wizard flickers and vanishes!
Deactivating autopickup; reactivate with Ctrl-A.
The orc hits you from afar with a +0 trident!
* * * LOW HITPOINT WARNING * * *
You slash something!
Reactivating autopickup.
You feel a bit more experienced.
The orc hits you from afar with a +0 trident.
* * * LOW HITPOINT WARNING * * *
The orc hits you but does no damage. The orc hits you with a +0 hand axe.
You die...

######.#..$....#
!......>.....#
#.......#
#.......# #
#......#..##)#.#
.......#.o.....#
#........#or.###
#.....)..#o###
#........#@#
#.####.#.#.# ..
..#.#.# ##.#.#.#
#.#.# #.#
#(######
#......#
######.#


You could see 3 orcs and a rat.

Vanquished Creatures
  An orc wizard (D:3)
  2 adders (D:2)
  3 dart slugs
  An orc (D:3)
  2 ball pythons (D:2)
  6 endoplasms
  2 giant cockroaches (D:2)
  9 goblins
  6 hobgoblins
  4 jackals (D:2)
  4 kobolds
  5 bats
  6 frilled lizards (D:1)
  3 rats
54 creatures vanquished.

Notes
Turn   | Place    | Note
-------+----------+-------------------------------------------
     0 | D:1      | McKennaii the Demigod Fighter began the quest for the Orb.
     0 | D:1      | Reached XP level 1. HP: 18/18 MP: 3/3
   359 | D:1      | Reached XP level 2. HP: 25/25 MP: 4/4
   618 | D:1      | You fall into a shaft and drop 1 floor!
  1624 | D:2      | Reached XP level 3. HP: 29/31 MP: 5/5
  1653 | D:2      | Identified the +7 dagger "Bofregam" {flame, rElec rF- rN++
                  | SInv}
  2647 | D:3      | Reached XP level 4. HP: 33/38 MP: 6/6
  2667 | D:3      | Slain by an orc

Illustrated notes

Levels and vault maps discovered:
D:1:      roderic_crossed_star, layout_basic, ebering_ecumenical_altar_petrified
D:2:      cheibrodos_greedy_goblins, layout_basic, basic_altar
D:3:      layout_basic, minmay_misc_feat_ornament, uniq_sigmund

Skill      XL: |  1  2 |
---------------+-------+-----
Long Blades    | 2 |  2.6
Armour         | 3 |  3.3
Fighting       | 3 |  3.3
Shields        | 3 |  3.0

Action                   |  1- 3 |  4- 6 || total
-------------------------+-------+-------++-------
Melee: Long sword        |   167 |    18 ||   185
  Use: Potion            |       |     3 ||     3
Armor: Scale mail        |    68 |    14 ||    82
Dodge: Dodged            |    69 |    10 ||    79
Block: Buckler           |    50 |     8 ||    58
